 Dungeon Crawl Stone Soup version 0.31-a0-150-g89dc3ad700 (webtiles) character file.

Game seed: 15372323479000652419

12395 zazu2006 the Covert (level 11, -1/90 HPs)
             Began as a Gnoll Wanderer on June 8, 2023.
             Was a Believer of Vehumet.
             Slain by Erolcha
             ... wielding a +0 giant club
              (24 damage)
             ... on level 11 of the Dungeon.
             The game lasted 00:41:22 (14423 turns).

zazu2006 the Covert (Gnoll Wanderer)               Turns: 14423, Time: 00:41:23

Health: -1/90      AC: 11    Str: 14    XL:     11   Next: 92%
Magic:  30/30      EV: 14    Int: 13    God:    Vehumet [**....]
Gold:   720        SH:  0    Dex: 12    Spells: 19/24 levels left

rFire   . . .        c - +3 scimitar (freeze)
rCold   . . .        (no shield)
rNeg    + . .        d - +1 ring mail {rPois}
rPois   +            P - +1 hat
rElec   .            (no cloak)
rCorr   .            (no gloves)
SInv    .            a - +2 pair of boots
Will    .....        s - amulet of reflection
Stlth   +            l - ring of magical power
HPRegen 0.35/turn    u - ring of positive energy
MPRegen 0.22/turn

%: reflection
@: confused, ambrosia-drunk, studying Ranged Weapons
A: fangs 1, strong nose, distributed training
a: Renounce Religion


You were on level 11 of the Dungeon.
You worshipped Vehumet.
Vehumet was pleased with you.
You visited 3 branches of the dungeon, and saw 14 of its levels.
You also visited: Sewer and Bailey.

You collected 1103 gold pieces.
You spent 383 gold pieces at shops.

Inventory:

Hand Weapons
 c - a +3 scimitar of freezing (weapon)
 F - a +2 scimitar of flaming
 I - a +5 scimitar
 N - a +4 shortbow of freezing
Missiles
 q - 2 poisoned darts (quivered)
Armour
 a - a +2 pair of boots (worn)
 d - a +1 ring mail of poison resistance (worn)
 e - the +2 pair of slick slippers {slick, slippery, EV+4}
   (You bought it in a shop on level 1 of the Dungeon)

   Slick:     Its wearer cannot be constricted, engulfed, netted or webbed.
   Slippery:  Its wearer slips away from damaging melee attacks, pulling the
   attacker onward.
   EV:        It affects your evasion (+4).
 h - the +0 helmet of Dice, Bag, and Bottle {-Tele rF+ Will++ Int+2}
   (You found it in a bailey)

   Int:       It affects your intelligence (+2).
   rF:        It protects you from fire.
   -Tele:     It prevents most forms of teleportation.
   Will:      It greatly increases your willpower.
 k - a +0 helmet
 P - a +1 hat (worn)
Magical Staves
 f - a staff of fire
 n - the staff of death "Loneixax" {+Blink rF+ rN+ Stlth+}
   (You found it in a bailey)

   [staff of death]

   Base accuracy: +5 Base damage: 5 Base attack delay: 1.2 This weapon's minimum
   attack delay (0.6) is reached at skill level 12.
   rF:        It protects you from fire.
   rN:        It protects you from negative energy.
   +Blink:    It lets you blink.
   Stlth:     It makes you more stealthy.
   It falls into the 'Staves' category.
   It is a one-handed weapon.
 K - a staff of air
Jewellery
 g - an amulet of the acrobat
 l - a ring of magical power (left hand)
 s - an amulet of reflection (around neck)
 u - a ring of positive energy (right hand)
 O - a ring of ice
Wands
 z - a wand of flame (3)
Scrolls
 b - 2 scrolls of fog
 j - a scroll of immolation
 m - a scroll of butterflies {unknown}
 o - a scroll of brand weapon {unknown}
 t - a scroll of teleportation
 v - a scroll of vulnerability {unknown}
 w - a scroll of silence {unknown}
 y - 2 scrolls of enchant armour {unknown}
 C - 2 scrolls of enchant weapon {unknown}
 E - 2 scrolls of blinking {unknown}
 G - a scroll of amnesia {unknown}
 H - a scroll of noise {unknown}
 J - a scroll of fear {unknown}
Potions
 i - 2 potions of magic
 p - a potion of enlightenment
 x - a potion of lignification {unknown}
 A - a potion of brilliance {unknown}
 B - a potion of mutation
 D - a potion of cancellation {unknown}
 L - 2 potions of attraction {unknown}
 M - a potion of curing


   Skills:
 + Level 9.7 Fighting
 + Level 7.0 Short Blades
 + Level 7.0 Long Blades
 + Level 7.0 Axes
 + Level 7.0 Maces & Flails
 + Level 7.0 Polearms
 + Level 7.0 Staves
 + Level 10.0 Ranged Weapons
 + Level 7.0 Throwing
 + Level 7.0 Armour
 + Level 9.7 Dodging
 + Level 10.5 Stealth
 + Level 7.0 Shields
 + Level 7.0 Unarmed Combat
 + Level 7.0 Spellcasting
 + Level 5.8 Conjurations
 + Level 5.8 Hexes
 + Level 5.8 Summonings
 + Level 5.8 Necromancy
 + Level 5.8 Translocations
 + Level 5.8 Transmutations
 + Level 5.8 Fire Magic
 + Level 5.8 Ice Magic
 + Level 5.8 Air Magic
 + Level 5.8 Earth Magic
 + Level 5.8 Poison Magic
 + Level 7.7 Invocations
 + Level 7.0 Evocations


You had 19 spell levels left.
You knew the following spells:

 Your Spells              Type           Power      Damage    Failure   Level
a - Summon Small Mammal   Summ           76%        N/A       2%          1
b - Necrotise             Necr           76%        1d7       2%          1
c - Shock                 Conj/Air       76%        1d7       2%          1
d - Scorch                Fire           38%        2d6       3%          2

Your spell library contained the following spells:

 Spells                   Type           Power      Damage    Failure   Level
 Apportation              Tloc           38%        N/A       2%          1
 Anguish                  Hex/Necr       9%         N/A       26%         4
 Animate Armour           Summ/Erth      38%        N/A       26%         4
 Cause Fear               Hex            9%         N/A       26%         4
 Summon Lightning Spire   Summ/Air       19%        N/A       26%         4
 Blade Hands              Tmut           9%         N/A       56%         5
 Enfeeble                 Hex            9%         N/A       100%        7


Dungeon Overview and Level Annotations

Branches:
Dungeon (11/15)            Temple (1/1) D:5             Orc (2/2) D:10
  Sewer (visited)          Bailey (visited)
   Lair: D:8-11         Elf: Orc:2

Altars:
Ashenzari
Cheibriados
Dithmenos
Elyvilon
Fedhas
Gozag
Kikubaaqudgha
Makhleb
Nemelex Xobeh
Okawaru
Qazlal
Sif Muna
Trog
Uskayaw
Vehumet
Wu Jian
Xom
Yredelemnul
Zin
The Shining One

Shops:
D:1 [   D:2 (   D:10 [

Annotations:
D:8 6 runed translucent doors
D:11 Erolcha
Orc:1 Donald


Innate Abilities, Weirdness & Mutations

You have very sharp teeth.
Your uncanny sense of smell can sniff out nearby items.
Your experience applies equally to all skills.


Message History

Throw: 5 darts (poison)
Press: ? - help, Q - select action, (/) - cycle Shift-Dir - straight line, f - Erolcha
Aim: Erolcha, wielding a +0 giant club and wearing a +0 robe (asleep, 98% to hit)
You throw a poisoned dart. The poisoned dart hits Erolcha!
Erolcha is poisoned.
Erolcha shouts!
Throw: 4 darts (poison)
Press: ? - help, Q - select action, (/) - cycle Shift-Dir - straight line, f/p - Erolcha
Aim: Erolcha, wielding a +0 giant club and wearing a +0 robe (very poisoned, 75% to hit)
You throw a poisoned dart.
The poisoned dart barely misses Erolcha.
Throw: 3 darts (poison)
Press: ? - help, Q - select action, (/) - cycle Shift-Dir - straight line, f/p - Erolcha
Aim: Erolcha, wielding a +0 giant club and wearing a +0 robe (very poisoned, 75% to hit)
You throw a poisoned dart. The poisoned dart hits Erolcha.
Erolcha looks even sicker.
You hit Erolcha. You freeze Erolcha. You bite Erolcha, but do no damage.
Erolcha is lightly wounded.
Erolcha closely misses you.
You slash Erolcha! You freeze Erolcha.
Erolcha is moderately wounded.
Erolcha barely misses you.
You closely miss Erolcha.
Erolcha is moderately wounded.
You barely miss Erolcha.
Erolcha is moderately wounded.
Erolcha casts a spell.
Erolcha flickers and vanishes!
Deactivating autopickup; reactivate with Ctrl-A.
You closely miss something. Your punch misses something.
Something completely misses you.
You completely miss something. Something hits you!
You completely miss something. Something hits you!!
You completely miss something. Your bite misses something. You slash something!
You freeze something. Something hits you!!
You hit something. You freeze something. Something hits you!
* * * LOW HITPOINT WARNING * * *
You are confused.
You feel invigorated. Something hits you!!
You die...

................###...###...##
#.................# #...#
#...# #.########.#####..#
#...# #...# #.# #.# #..# #...#
#...# #.# #.# #.(# #...# #...#
#.# #.# #(.# #...# #...#
#.########.# (.# #...# #...#
#..........#####{.###.. .....
#..............@.......
#.#####.........####### #.#
#..######.# #)# #..# #.# #.#
#..# #.# #.# #..# #.# #.# #..#
#.# #.# #..# #.# #.# #..# #.#


There were no monsters in sight!

Vanquished Creatures
  Josephine (Orc:1)
  Erica (Orc:1)
  Fannar (D:11)
  A two-headed ogre (D:8)
  Nergalle (D:10)
  An orc knight (Bailey)
  A deep elf pyromancer (Bailey)
  An ugly thing (D:11)
  An orc sorcerer (Orc:1)
  A cyclops (D:10)
  Psyche (D:11)
  3 trolls
  Prince Ribbit (D:7)
  A jumping spider (D:8)
  A vampire (D:11)
  4 wraiths (D:10)
  A wyvern (D:10)
  4 yaks
  A redback (D:8)
  2 steam dragons
  3 wargs
  Menkaure (D:6)
  An ice beast (D:8)
  Pargi (Sewer)
  11 orc warriors
  4 ogres (Orc:1)
  A black bear (D:5)
  3 centaurs
  2 phantoms (D:5)
  A kobold brigand (D:8)
  4 bullfrogs
  3 scorpions
  5 wights (D:8)
  9 killer bees
  3 hounds
  2 jellies
  8 orc priests
  3 iguanas
  7 orc wizards
  A sleepcap (D:5)
  7 adders
  3 white imps
  A worm (D:3)
  3 dart slugs
  40 orcs
  5 ball pythons
  4 endoplasms
  4 giant cockroaches
  7 goblins
  10 hobgoblins
  2 jackals (D:1)
  10 kobolds
  2 quokkas
  10 bats
  4 frilled lizards
  6 rats
220 creatures vanquished.

Notes
Turn   | Place    | Note
-------+----------+-------------------------------------------
     0 | D:1      | zazu2006 the Gnoll Wanderer began the quest for the Orb.
     0 | D:1      | zazu2006 set off with the following items: a +0 dagger, a
                  | scroll of fog, a potion of curing, a potion of haste, a +2
                  | leather armour.
     0 | D:1      | Reached XP level 1. HP: 23/23 MP: 1/1
   149 | D:1      | Found Xach's Armour Boutique.
   174 | D:1      | Reached XP level 2. HP: 26/29 MP: 2/2
   432 | D:1      | Reached XP level 3. HP: 35/35 MP: 3/3
   553 | D:2      | Found Dotraef's Antique Weapon Emporium.
   612 | D:2      | Found a sparkling altar of Nemelex Xobeh.
   622 | D:2      | Reached skill level 1 in Ranged Weapons
   704 | D:2      | Reached skill level 1 in Invocations
   922 | D:2      | Reached skill level 1 in Short Blades
   922 | D:2      | Reached skill level 1 in Long Blades
   922 | D:2      | Reached skill level 1 in Axes
   922 | D:2      | Reached skill level 1 in Maces & Flails
   922 | D:2      | Reached skill level 1 in Polearms
   922 | D:2      | Reached skill level 1 in Staves
   922 | D:2      | Reached skill level 1 in Throwing
   922 | D:2      | Reached skill level 1 in Armour
   922 | D:2      | Reached skill level 1 in Shields
   922 | D:2      | Reached skill level 1 in Unarmed Combat
   922 | D:2      | Reached skill level 1 in Spellcasting
   922 | D:2      | Reached skill level 1 in Evocations
  1078 | D:2      | Reached XP level 4. HP: 41/41 MP: 5/5
  1732 | D:3      | Found a glowing drain.
  1767 | D:3      | Reached skill level 1 in Conjurations
  1767 | D:3      | Reached skill level 1 in Hexes
  1767 | D:3      | Reached skill level 1 in Summonings
  1767 | D:3      | Reached skill level 1 in Necromancy
  1767 | D:3      | Reached skill level 1 in Translocations
  1767 | D:3      | Reached skill level 1 in Transmutations
  1767 | D:3      | Reached skill level 1 in Fire Magic
  1767 | D:3      | Reached skill level 1 in Ice Magic
  1767 | D:3      | Reached skill level 1 in Air Magic
  1767 | D:3      | Reached skill level 1 in Earth Magic
  1767 | D:3      | Reached skill level 1 in Poison Magic
  1773 | Sewer    | Entered a sewer
  1825 | Sewer    | Noticed Pargi
  1845 | Sewer    | Killed Pargi
  1846 | Sewer    | Reached XP level 5. HP: 47/47 MP: 7/7
  2272 | D:3      | Reached XP level 6. HP: 36/53 MP: 8/8
  3159 | D:4      | Found a hide-covered altar of Uskayaw.
  3160 | D:4      | Noticed a +0 dagger
  3160 | D:4      | Noticed a +0 dagger
  3239 | D:5      | Entered Level 5 of the Dungeon
  3312 | D:5      | Reached XP level 7. HP: 60/60 MP: 10/10
  3424 | D:5      | Found a staircase to the Ecumenical Temple.
  3433 | Temple   | Entered the Ecumenical Temple
  3466 | Temple   | Became a worshipper of Vehumet
  3680 | D:5      | Found a basalt altar of Yredelemnul.
  3680 | D:5      | Found a burning altar of Makhleb.
  3834 | D:5      | Found a blossoming altar of Fedhas.
  3996 | D:6      | Reached XP level 8. HP: 67/67 MP: 12/12
  5092 | D:6      | Noticed Menkaure
  5097 | D:6      | Killed Menkaure
  5098 | D:6      | Reached skill level 5 in Ranged Weapons
  5727 | D:7      | Found an iron altar of Okawaru.
  5868 | D:7      | Noticed Prince Ribbit
  5878 | D:7      | Killed Prince Ribbit
  6169 | D:8      | Reached XP level 9. HP: 62/73 MP: 15/15
  6213 | D:8      | Noticed a two-headed ogre
  7133 | D:8      | Reached skill level 5 in Invocations
  7729 | D:9      | Found a flagged portal.
  7740 | Bailey   | Entered a bailey
  7835 | Bailey   | Reached skill level 5 in Short Blades
  7835 | Bailey   | Reached skill level 5 in Long Blades
  7835 | Bailey   | Reached skill level 5 in Axes
  7835 | Bailey   | Reached skill level 5 in Maces & Flails
  7835 | Bailey   | Reached skill level 5 in Polearms
  7835 | Bailey   | Reached skill level 5 in Staves
  7835 | Bailey   | Reached skill level 5 in Throwing
  7835 | Bailey   | Reached skill level 5 in Armour
  7835 | Bailey   | Reached skill level 5 in Shields
  7835 | Bailey   | Reached skill level 5 in Unarmed Combat
  7835 | Bailey   | Reached skill level 5 in Spellcasting
  7835 | Bailey   | Reached skill level 5 in Evocations
  7835 | Bailey   | Reached XP level 10. HP: 61/81 MP: 17/17
  7950 | Bailey   | Noticed an orc knight
  8054 | Bailey   | Found a large runed translucent door.
  8054 | Bailey   | Found a large runed translucent door.
  8055 | Bailey   | Noticed a deep elf pyromancer
  8167 | Bailey   | Learned a level 1 spell: Summon Small Mammal
  8169 | Bailey   | Learned a level 1 spell: Necrotise
  8195 | Bailey   | Killed an orc knight
  8416 | Bailey   | Killed a deep elf pyromancer
  8426 | Bailey   | Identified the +0 helmet of Dice, Bag, and Bottle {-Tele
                  | rF+ Will++ Int+2}
  8431 | Bailey   | Identified the staff of death "Loneixax" {+Blink rF+ rN+
                  | Stlth+}
  8539 | D:9      | Reached * piety under Vehumet
  8539 | D:9      | Offered knowledge of Shock by Vehumet.
  8542 | D:9      | Learned a level 1 spell: Shock
  8557 | D:9      | Found a glowing silver altar of Zin.
  8726 | D:9      | Found a shimmering blue altar of Sif Muna.
  8726 | D:9      | Found a faded altar of an unknown god.
  8738 | D:9      | Found an opulent altar of Gozag.
  8740 | D:9      | Found a shimmering altar of Xom.
  8742 | D:9      | Found a bloodstained altar of Trog.
  8981 | D:8      | Killed a two-headed ogre
  9198 | D:8      | Found a runed translucent door.
  9307 | D:10     | Entered Level 10 of the Dungeon
  9538 | D:10     | Noticed Snorg
  9640 | D:10     | Found Utwowat's Antique Armour Shop.
 10059 | D:10     | Found a staircase to the Orcish Mines.
 10340 | D:10     | Reached skill level 5 in Conjurations
 10340 | D:10     | Reached skill level 5 in Hexes
 10340 | D:10     | Reached skill level 5 in Summonings
 10340 | D:10     | Reached skill level 5 in Necromancy
 10340 | D:10     | Reached skill level 5 in Translocations
 10340 | D:10     | Reached skill level 5 in Transmutations
 10340 | D:10     | Reached skill level 5 in Fire Magic
 10340 | D:10     | Reached skill level 5 in Ice Magic
 10340 | D:10     | Reached skill level 5 in Air Magic
 10340 | D:10     | Reached skill level 5 in Earth Magic
 10340 | D:10     | Reached skill level 5 in Poison Magic
 10340 | D:10     | Reached XP level 11. HP: 41/89 MP: 20/20
 10566 | D:10     | Noticed a cyclops
 10586 | Orc:1    | Entered Level 1 of the Orcish Mines
 10586 | Orc:1    | Noticed Nergalle
 10770 | D:11     | Noticed Erolcha
 10800 | D:11     | Noticed Fannar
 10819 | D:11     | Killed Fannar
 10820 | D:11     | Reached skill level 10 in Stealth
 11033 | D:11     | Noticed Psyche
 11334 | D:11     | Noticed a purple ugly thing
 11345 | D:11     | Killed a purple ugly thing
 11383 | D:11     | Killed Psyche
 11389 | D:11     | Noticed a two-headed ogre
 11391 | D:11     | Noticed a cyclops
 11682 | D:10     | Killed a cyclops
 11896 | D:10     | Killed Nergalle
 12002 | Orc:1    | Noticed an orc sorcerer
 12511 | D:1      | Bought the +2 pair of slick slippers {slick, slippery,
                  | EV+4} for 383 gold pieces
 12511 | D:1      | Found the +2 pair of slick slippers {slick, slippery, EV+4}
 12719 | D:8      | Found a runed translucent gate.
 12720 | D:8      | Noticed a boulder beetle
 12721 | D:8      | Found a runed translucent gate.
 12722 | D:8      | Found a runed translucent gate.
 12722 | D:8      | Found a runed translucent gate.
 12722 | D:8      | Found a runed translucent gate.
 12722 | D:8      | Noticed a lindwurm
 12723 | D:8      | Found a runed translucent gate.
 12723 | D:8      | Noticed a boulder beetle
 12816 | Orc:1    | Killed an orc sorcerer
 12888 | Orc:1    | Noticed Josephine
 13033 | D:10     | Offered knowledge of Scorch by Vehumet.
 13037 | D:10     | Learned a level 2 spell: Scorch
 13185 | Orc:1    | Killed Josephine
 13185 | Orc:1    | Reached ** piety under Vehumet
 13333 | Orc:1    | Noticed Erica
 13349 | Orc:1    | Killed Erica
 13446 | Orc:1    | Reached skill level 10 in Ranged Weapons
 13602 | Orc:2    | Entered Level 2 of the Orcish Mines
 13628 | Orc:2    | Noticed Donald
 13988 | Orc:2    | Noticed an orc sorcerer
 14000 | Orc:2    | Noticed an orc knight
 14007 | Orc:2    | Noticed an orc knight
 14009 | Orc:2    | Noticed an orc knight
 14423 | D:11     | Slain by Erolcha

Illustrated notes

Levels and vault maps discovered:
D:1:      ebering_trefoil_3fold, layout_rooms, serial_shops,
          nicolae_shop_waterfront, dk_noncrumbling_2, supply_closet_lemuel
D:2:      layout_loops_ring, serial_forest, infiniplex_forest_pool,
          infiniplex_forest_diagonal, infiniplex_forest_clump_double,
          infiniplex_forest_clump_tiny, infiniplex_forest_diagonal,
          infiniplex_forest_lined_room_2, infiniplex_forest_lined_room_,
          infiniplex_forest_straight_1, basic_altar, serial_shops, shop
D:3:      wad_pebble_path, layout_loops_ring, gup_sewer_entry_glass
D:4:      layout_basic, dancing_weapons_uskayaw
D:5:      layout_rooms, fedhas_ov_isle_minmay, gammafunk_temple_overflow_pools,
          minmay_temple_entry_statues_fountains
D:6:      layout_layer_cave, uniq_menkaure
D:7:      layout_gridville, lemuel_doored_altar, uniq_prince_ribbit1
D:8:      gammafunk_indiana_jones, layout_basic
D:9:      layout_rooms, chequers_temple_overflow_minitemple, zin_academy,
          enter_bailey_2, st_stairs_1
D:10:     layout_roguey, erik_orc_3, serial_shops, nicolae_shop_peninsula,
          uniq_snorg
D:11:     layout_small_grid, lair_entry_dummy, kennysheep_decorative_pillar,
          minivault_8, uniq_psyche, uniq_fannar, uniq_erolcha
Temple:   nicolae_temple_bog_church
Orc:1:    layout_caves, uniq_nergalle, uniq_josephine, uniq_erica
Orc:2:    st_orc_elflike, layout_caves, serial_shops,
          nicolae_book_shop_shelving, dreamdust_deal_with_the_devil, uniq_donald

Skill      XL: |  1  2  3  4  5  6  7  8  9 10 11 |
---------------+----------------------------------+-----
Ranged Weapons | 1 2 3 4 5 7 8 10 | 10.0
Invocations    | 1 2 3 4 5 6 7 |  7.7
Short Blades   | 1 2 3 4 5 6 7 |  7.0
Long Blades    | 1 2 3 4 5 6 7 |  7.0
Axes           | 1 2 3 4 5 6 7 |  7.0
Maces & Flails | 1 2 3 4 5 6 7 |  7.0
Polearms       | 1 2 3 4 5 6 7 |  7.0
Staves         | 1 2 3 4 5 6 7 |  7.0
Throwing       | 1 2 3 4 5 6 7 |  7.0
Armour         | 1 2 3 4 5 6 7 |  7.0
Shields        | 1 2 3 4 5 6 7 |  7.0
Unarmed Combat | 1 2 3 4 5 6 7 |  7.0
Spellcasting   | 1 2 3 4 5 6 7 |  7.0
Evocations     | 1 2 3 4 5 6 7 |  7.0
Conjurations   | 1 2 3 4 5 |  5.8
Hexes          | 1 2 3 4 5 |  5.8
Summonings     | 1 2 3 4 5 |  5.8
Necromancy     | 1 2 3 4 5 |  5.8
Translocations | 1 2 3 4 5 |  5.8
Transmutations | 1 2 3 4 5 |  5.8
Fire Magic     | 1 2 3 4 5 |  5.8
Ice Magic      | 1 2 3 4 5 |  5.8
Air Magic      | 1 2 3 4 5 |  5.8
Earth Magic    | 1 2 3 4 5 |  5.8
Poison Magic   | 1 2 3 4 5 |  5.8
Stealth        | 8 9 10 | 10.5
Fighting       | 7 8 9 |  9.7
Dodging        | 7 8 9 |  9.7

Action                     |  1- 3 |  4- 6 |  7- 9 | 10-12 || total
---------------------------+-------+-------+-------+-------++-------
  Melee: Staff             |   139 |   160 |       |       ||   299
         Dagger            |     6 |       |       |       ||     6
         Bite              |    11 |    17 |    32 |    43 ||   103
         Punch             |     2 |     5 |    10 |    14 ||    31
         War axe           |       |    38 |   184 |       ||   222
         Scimitar          |       |       |    56 |   371 ||   427
   Fire: Shortbow          |       |       |       |    52 ||    52
  Throw: Dart              |       |     3 |     4 |    23 ||    30
   Cast: Necrotise         |       |       |       |     3 ||     3
         Summon Small Mamm |       |       |       |     1 ||     1
         Shock             |       |       |       |     8 ||     8
         Scorch            |       |       |       |     3 ||     3
  Evoke: Wand              |       |       |    15 |     6 ||    21
    Use: Scroll            |       |     2 |       |     8 ||    10
         Potion            |       |     1 |     5 |    11 ||    17
   Stab: Sleeping          |     5 |    11 |     6 |     5 ||    27
         Distracted        |       |       |     1 |       ||     1
         Invisible         |       |       |       |     2 ||     2
 Armour: Leather armour    |    51 |    58 |    55 |    77 ||   241
         Ring mail         |       |       |       |    30 ||    30
  Dodge: Dodged            |   106 |   133 |   164 |   263 ||   666
  Block: Other             |       |    13 |    74 |    84 ||   171
         Reflection        |       |       |     1 |     3 ||     4

Table legend: (Time is in decaauts)
 A = Elapsed time spent in this place.
 B = Non-inter-level travel time spent in this place.
 C = Inter-level travel time spent in this place.
 D = Time resting spent in this place.
 E = Time spent auto-exploring this place.
 F = Levels seen in this place.
 G = Mean time per level.
                   A        B        C        D        E       F      G
               +--------+--------+--------+--------+--------+-----+--------+
         Total |  14621 |  13846 |    775 |   2838 |   7166 |  16 |  913.8 |
       Dungeon |  12342 |  11613 |    729 |   2465 |   6162 |  11 | 1122.0 |
        Temple |     58 |     34 |     24 |      0 |     21 |   1 |   58.0 |
  Orcish Mines |   1363 |   1342 |     21 |    293 |    710 |   2 |  681.5 |
         Sewer |    117 |    117 |      0 |      0 |      0 |   1 |  117.0 |
        Bailey |    738 |    738 |      0 |     79 |    272 |   1 |  738.0 |
               +--------+--------+--------+--------+--------+-----+--------+

Top non-repeatable levels by time:
    D:10: 2692 daAuts
     D:7: 1476 daAuts
     D:6: 1469 daAuts
     D:8: 1393 daAuts
   Orc:1: 1242 daAuts
     D:2: 1110 daAuts
     D:3: 1070 daAuts
  Bailey: 738 daAuts
     D:5: 701 daAuts
    D:11: 662 daAuts
     D:1: 615 daAuts
     D:4: 587 daAuts
     D:9: 563 daAuts
   Orc:2: 121 daAuts
   Sewer: 117 daAuts
